Map: Oceanborn LE

Players

MindelVK

  • Race: Protoss Protoss
  • League: Grandmaster
  • Spawn Location: 11:00

DKZJieshi (Jieshi) - Winner!

  • Race: Protoss Protoss
  • League: Master
  • Spawn Location: 5:00

VOD

Have the link to the VOD?

Description

Time

  • Played on: Dec. 18, 2023, 12:43 p.m.
  • Length: 5:27
Show
View Real Time Build Order
Export as new Build Order

MindelVK Protoss 

Build Orders: Phoenix Opening 

Get SALT Encoding   

  12  0:00  Probe  
  13  0:12  Probe  
  14  0:17  Pylon  
  14  0:24  Probe (Chrono Boost)  
  16  0:37  Probe (Chrono Boost)  
  16  0:38  Gateway  
  16  0:43  Probe (Chrono Boost)  
  16  0:45  Assimilator  
  17  0:51  Probe  
  17  0:54  Assimilator  
  18  1:03  Probe (Chrono Boost)  
  19  1:06  Gateway  
  19  1:15  Probe (Chrono Boost)  
  20  1:20  Probe (Chrono Boost)  
  20  1:25  Cybernetics Core  
  21  1:29  Probe  
  22  1:37  Pylon  
  22  1:42  Probe  
  23  1:55  Probe  
  23  2:01  Stalker, Sentry  
  28  2:02  Warp Gate  
  28  2:07  Probe  
  29  2:13  Pylon  
  29  2:20  Pylon  
  29  2:26  Stalker  
  31  2:32  Stalker  
  33  2:54  Nexus  
  33  2:59  Shield Battery  
  33  3:09  Probe  
  34  3:13  Pylon  
  34  3:18  Sentry  
  36  3:21  Probe  
  37  3:28  Shield Battery  
  37  3:30  Robotics Facility  
  37  3:33  Probe  
  37  3:34  Shield Battery  
  38  3:48  Gateway  
  38  3:51  Stalker, Sentry  
  42  3:57  Phoenix  
  42  3:58  Shield Battery  
  42  4:02  Probe  
  43  4:06  Probe  
  44  4:14  Shield Battery  
  44  4:16  Adept x2  
  48  4:22  Immortal (Chrono Boost)  
  48  4:30  Pylon  
  52  4:37  Adept  
  41  4:49  Sentry  
  41  4:53  Shield Battery  
  34  5:14  Adept  
Show
View Real Time Build Order
Export as new Build Order

DKZJieshi Protoss - Winner!

Build Orders:  

Get SALT Encoding   

  12  0:01  Probe  
  13  0:13  Probe  
  14  0:17  Pylon  
  14  0:25  Probe (Chrono Boost)  
  15  0:37  Gateway, Probe (Chrono Boost)  
  16  0:44  Probe (Chrono Boost)  
  16  0:46  Assimilator  
  17  0:51  Probe  
  17  0:54  Assimilator  
  18  1:03  Probe (Chrono Boost)  
  19  1:08  Gateway  
  19  1:13  Probe (Chrono Boost)  
  19  1:18  Probe (Chrono Boost)  
  20  1:24  Cybernetics Core  
  21  1:30  Probe  
  22  1:34  Pylon  
  22  1:42  Probe  
  23  1:54  Probe  
  24  2:00  Adept x2  
  24  2:01  Warp Gate  
  28  2:12  Pylon  
  28  2:16  Robotics Facility  
  28  2:30  Stalker  
  28  2:31  Stalker  
  32  2:52  Gateway  
  32  3:00  Immortal (Chrono Boost)  
  36  3:11  Sentry  
  38  3:12  Pylon  
  38  3:29  Warp Prism (Chrono Boost)  
  40  3:49  Adept x3  
  40  3:54  Pylon  
  46  4:02  Observer  
  47  4:10  Pylon  
  47  4:14  Adept  
  47  4:15  Adept x2  
  53  4:37  Stalker x3  
  47  5:00  Stalker x3  
Tags
 
Matchup
PvP
Player
Jieshi
Replay Pack
December 2023
Spawn Locations
Cross Positions
Add a new tag
Caveats
  • Supply blocks, unpowered buildings, or Contaminate may cause inaccurate times.
  • Supply counts are checked every 10 seconds.